AoeStats
← (Arm)_Starkill

African Clearing

505453941Analyzed
4v4 RM · 24d ago on Sep 9, 2026· 56m 57s· 8 players
Game mode
Random Map
Map size
Large (8 player)
Population
200
Speed
Normal
Resources
Standard
Victory
Conquest
Starting age
Dark Age
Ending age
Imperial Age
RankedLock teamsTeams togetherTeam positionsShared explorationLock speedFull tech treeHidden civsTurbo modeCheats
Victory
Defeat
🇳🇱 Chinese · Netherlands
1229
+8
🇮🇩 Huns · Indonesia
1048
+20
🇮🇹 Lithuanians · Italy
993
+32
🇸🇪 Hindustanis · Sweden
962
+48
🇨🇳 Franks · China
1050
-16
🇨🇳 Khmer · China
1038
-15
🇹🇼 Burgundians · Taiwan
1024
-14
🇨🇳 Italians · China
992
-13
feifei0920097740
4:27 Loom
9:46 Double-Bit Axe
10:49 Horse Collar
14:27 Feudal Age
19:37 Castle Age
19:12 Bow Saw
19:25 Scale Barding Armor
19:40 Cavalier
23:47 Wheelbarrow
23:57 Husbandry
26:24 Forging
34:08 Hand Cart
38:20 Chain Barding Armor
38:36 Iron Casting
37:54 Fletching
38:05 Padded Archer Armor
42:29 Imperial Age
42:17 Light Cavalry
42:53 Town Watch
43:05 Gold Mining
43:13 Stone Mining
42:48 Paladin
44:08 Plate Barding Armor
44:34 Blast Furnace
47:35 Bodkin Arrow
47:56 Leather Archer Armor
49:18 Chemistry
49:10 Bracer
49:14 Hussar
50:57 Elite Skirmisher
53:39 Pikeman
54:20 Squires
56:18 Stone Shaft Mining
lingluo
8:52 Loom
13:59 Feudal Age
20:27 Castle Age
20:37 Double-Bit Axe
20:38 Horse Collar
22:15 Bow Saw
31:19 Heavy Plow
31:36 Gold Mining
34:29 Gold Shaft Mining
34:40 Stone Mining
36:15 Stone Shaft Mining
39:37 Imperial Age
38:35 Scale Barding Armor
39:03 Ballistics
40:05 Chain Barding Armor
40:51 Wheelbarrow
40:02 Town Watch
41:06 Conscription
41:27 Plate Barding Armor
41:58 Bloodlines
41:49 Husbandry
42:25 Forging
43:20 Chemistry
42:43 Double Crossbow
42:53 Siege Engineers
44:36 Light Cavalry
495556203
3:43 Loom
14:52 Feudal Age
16:20 Wheelbarrow
15:35 Double-Bit Axe
15:33 Horse Collar
15:46 Gold Mining
15:48 Stone Mining
15:53 Town Watch
23:31 Castle Age
23:08 Fletching
24:34 Hand Cart
24:32 Bow Saw
24:24 Heavy Plow
27:17 Squires
26:37 Pikeman
29:13 Padded Archer Armor
29:09 Bodkin Arrow
30:26 Ballistics
31:03 Leather Archer Armor
31:28 Bodkin Arrow
32:56 Forging
35:49 Bloodlines
36:39 Town Patrol
41:09 Imperial Age
38:45 Husbandry
38:07 Light Cavalry
42:25 Ring Archer Armor
41:55 Bracer
43:17 Elite Genoese Crossbowman
44:50 Hussar
45:36 Bracer
46:12 Iron Casting
51:57 Chemistry
50:54 Murder Holes
小鱼儿
3:33 Loom
15:14 Feudal Age
18:45 Castle Age
17:51 Double-Bit Axe
24:09 Gold Mining
34:12 Bow Saw
42:17 Imperial Age
40:24 Wheelbarrow
39:35 Town Watch
40:14 Forging
40:23 Scale Barding Armor
42:35 Husbandry
42:36 Cavalier
43:54 Iron Casting
46:31 Paladin
49:24 Hand Cart
49:09 Town Patrol
53:14 Scale Mail Armor
55:45 Chemistry
55:26 Ballistics
56:22 Fortified Wall
56:08 Murder Holes
56:23 Siege Engineers
55:44 Elite Throwing Axeman
(Arm)_tigersharkwoo
16:25 Feudal Age
30:37 Forging
32:45 Bloodlines
35:21 Castle Age
35:22 Man-at-Arms
35:24 Pikeman
36:13 Husbandry
35:35 Light Cavalry
45:00 Wheelbarrow
44:14 Loom
49:39 Scale Barding Armor
49:45 Elite Skirmisher
55:24 Hand Cart
57:11 Double-Bit Axe
(Arm)_Armata player
3:02 Loom
11:01 Feudal Age
11:40 Double-Bit Axe
16:59 Horse Collar
23:12 Castle Age
22:08 Wheelbarrow
22:51 Bloodlines
24:19 Bow Saw
24:43 Light Cavalry
27:05 Scale Barding Armor
27:11 Town Watch
28:51 Hand Cart
28:52 Forging
30:39 Fletching
31:51 Heavy Plow
40:05 Imperial Age
38:26 Town Patrol
38:22 Gold Mining
38:31 Stone Mining
38:56 Scale Mail Armor
39:31 Iron Casting
39:51 Ballistics
40:40 Chain Mail Armor
41:14 Gold Shaft Mining
40:18 Elite Fire Lancer
41:35 Conscription
41:43 Great Wall
42:42 Plate Mail Armor
41:37 Heavy Rocket Cart
42:52 Squires
42:37 Arson
44:01 Chemistry
43:15 Masonry
44:06 Blast Furnace
43:02 Bodkin Arrow
45:13 Two-Man Saw
45:44 Pikeman
46:26 Bracer
46:58 Architecture
46:30 Pikeman
50:36 Husbandry
50:57 Chain Barding Armor
53:00 Arrowslits
54:16 Chemistry
(Arm)_Starkill
9:56 Loom
17:01 Feudal Age
18:20 Wheelbarrow
17:31 Double-Bit Axe
17:38 Gold Mining
17:32 Horse Collar
19:24 Bloodlines
19:20 Gold Mining
19:22 Town Watch
26:48 Castle Age
27:44 Bow Saw
27:37 Heavy Plow
30:28 Stone Mining
30:52 Forging
30:47 Scale Barding Armor
32:55 Iron Casting
32:41 Chain Barding Armor
32:26 Husbandry
31:49 Light Cavalry
35:26 Hand Cart
37:27 Town Patrol
41:39 Imperial Age
41:50 Cavalier
43:08 Conscription
44:56 Two-Man Saw
46:57 Plate Barding Armor
49:03 Crop Rotation
49:15 Stone Shaft Mining
49:13 Paladin
57:33 Chemistry
56:54 Ballistics
(Arm)_ominous
12:53 Loom
14:47 Feudal Age
15:50 Double-Bit Axe
24:02 Castle Age
23:02 Fletching
23:07 Gold Mining
23:47 Horse Collar
26:41 Bodkin Arrow
28:15 Ballistics
29:26 Thumb Ring
32:44 Wheelbarrow
35:19 Husbandry
35:31 Bloodlines
38:05 Padded Archer Armor
38:07 Stone Mining
38:56 Gold Shaft Mining
38:30 Heavy Plow
38:55 Bow Saw
39:06 Elite Skirmisher
42:49 Hand Cart
42:20 Town Watch
45:38 Imperial Age
46:01 Leather Archer Armor
45:52 Scale Barding Armor
46:48 Bracer
47:55 Chemistry
47:54 Conscription
48:09 Parthian Tactics
48:15 Parthian Tactics
47:23 Heavy Cavalry Archer
55:44 Caravan
56:01 Capped Ram
Connection lost

Rejoining the realm…

Still unreachable

The connection could not be restored.

Session expired

The server has moved on; the page needs a fresh start.